 Dungeon Crawl Stone Soup version 0.30-a0-696-g2367cd04db (webtiles) character file.

Game seed: 7886948968704233890

4645 KennySheep the Gusty (level 10, -4/88 HPs)
             Began as a Naga Transmuter on Jan 21, 2023.
             Was a Believer of Vehumet.
             Slain by a komodo dragon (18 damage)
             ... on level 8 of the Dungeon.
             The game lasted 00:36:17 (10002 turns).

KennySheep the Gusty (Naga Transmuter)             Turns: 10002, Time: 00:36:17

Health: -4/88      AC:  8    Str: 11    XL:     10   Next: 43%
Magic:  18/18      EV: 11    Int: 24    God:    Vehumet [**....]
Gold:   488        SH:  0    Dex: 11    Spells: 2/20 levels left

rFire   . . .      SeeInvis +      - Unarmed
rCold   + . .      Faith    .    (shield currently unavailable)
rNeg    + . .      Spirit   .    j - +2 robe "Rodonon" {rPois rC+ Str-2}
rPois   +          Reflect  .    (no helmet)
rElec   .          Harm     .    u - +1 cloak
rCorr   .          Rampage  .    (gloves currently unavailable)
Will    +....                    (no barding)
Stlth   +                        (no amulet)
HPRegen 0.34/turn                e - +6 ring of intelligence
MPRegen 0.16/turn                p - ring of positive energy

@: blade hands (expiring), wereblooded, very slow
A: AC +3, large, see invisible, deformed body, poison resistance, slowness 2,
spit poison 1, naga tail 1
a: Spit Poison, End Transformation, Renounce Religion


You were on level 8 of the Dungeon.
You worshipped Vehumet.
Vehumet was pleased with you.
You had blades for hands.
You visited 2 branches of the dungeon, and saw 9 of its levels.

You collected 488 gold pieces.

Inventory:

Missiles
 w - a throwing net
Armour
 a - a +0 robe
 b - a +0 pair of gloves (melded)
 j - the +2 robe "Rodonon" (worn) {rPois rC+ Str-2}
   (You found it on level 2 of the Dungeon)

   Str:       It affects your strength (-2).
   rC:        It protects you from cold.
   rPois:     It protects you from poison.
 u - a +1 cloak (worn)
Jewellery
 e - a +6 ring of intelligence (left blade hand)
 p - a ring of positive energy (right blade hand)
 z - an amulet of guardian spirit
Wands
 q - a wand of roots (17)
Scrolls
 c - 2 scrolls of identify
 f - a scroll of summoning {unknown}
 g - 3 scrolls of enchant weapon
 h - 2 scrolls of immolation {unknown}
 i - a scroll of noise
 l - 3 scrolls of poison
 n - a scroll of fog
 o - a scroll of magic mapping
 t - a scroll of torment {unknown}
 y - 2 scrolls of enchant armour
Potions
 d - a potion of brilliance
 k - 2 potions of curing
 m - a potion of mutation {unknown}
 s - a potion of degeneration {unknown}
 v - a potion of berserk rage {unknown}
 x - 3 potions of might {unknown}


   Skills:
 + Level 5.2 Fighting
 + Level 0.4 Armour
 - Level 4.4 Dodging
 + Level 6.3 Unarmed Combat
 + Level 5.6 Spellcasting
 * Level 6.9 Transmutations
 * Level 6.9 Air Magic
 - Level 4.1 Poison Magic


You had 2 spell levels left.
You knew the following spells:

 Your Spells              Type           Power      Damage    Failure   Level
a - Wereblood             Tmut           39%        N/A       13%         2
b - Beastly Appendage     Tmut           78%        N/A       12%         1
c - Spider Form           Tmut/Pois      33%        N/A       24%         3
d - Swiftness             Air            40%        N/A       17%         3
e - Airstrike             Air            20%        2d(3-19)  32%         4
z - Blade Hands           Tmut           19%        N/A       54%         5

Your spell library contained the following spells:

 Spells                   Type           Power      Damage    Failure   Level
 Searing Ray              Conj           12%        2d4       52%         2
 Shock                    Conj/Air       92%        1d8       21%         1
 Necrotise                Necr           24%        1d5       43%         1
 Blink                    Tloc           12%        N/A       52%         2
 Lesser Beckoning         Tloc           12%        N/A       52%         2
 Momentum Strike          Conj/Tloc      12%        3d8       52%         2
 Scorch                   Fire           12%        2d5       52%         2
 Vhi's Electric Charge    Tloc/Air       46%        N/A       36%         3
 Ice Form                 Ice/Tmut       23%        N/A       63%         4
 Frozen Ramparts          Ice            12%        1d2       69%         3
 Vampiric Draining        Necr           6%         2d6       69%         3
 Arcjolt                  Conj/Air       11%        1d21      87%         5
 Animate Armour           Summ/Erth      12%        N/A       93%         4
 Flame Wave               Conj/Fire      6%         2d5       93%         4
 Summon Ice Beast         Ice/Summ       6%         N/A       93%         4
 Agony                    Necr           6%         N/A       99%         5
 Iron Shot                Conj/Erth      3%         9d2       100%        6
 Summon Cactus Giant      Summ           3%         N/A       100%        6
 Maxwell's Capacitive Co  Air            20%        ∞         100%        8


Dungeon Overview and Level Annotations

Branches:
Dungeon (8/15)             Temple (1/1) D:4
   Lair: D:8-11

Altars:
Ashenzari
Cheibriados
Dithmenos
Elyvilon
Fedhas
Gozag
Hepliaklqana
Makhleb
Nemelex Xobeh
Okawaru
Qazlal
Ru
Sif Muna
Trog
Uskayaw
Vehumet
Wu Jian
Xom
Yredelemnul
Zin
The Shining One

Annotations:
D:4 1 runed translucent door, ASSMAN's ghost, amateur MfBe


Innate Abilities, Weirdness & Mutations

You have blades for hands.
Your spellcasting is less reliable in this form.
You are incapable of wielding weapons or throwing items.
Your serpentine skin is tough. (AC +3)
You have supernaturally acute eyesight. (SInv)
Armour fits poorly on your strangely shaped body.
Your system is resistant to poisons. (rPois)
You cover ground very slowly.
You can spit poison.
You have a snake-like lower body.


Message History

You hit the killer bee. Your slash misses the killer bee.
The killer bee is lightly wounded.
The killer bee stings you but does no damage.
The killer bee barely misses you.
You closely miss the killer bee.
The killer bee is lightly wounded.
The killer bee closely misses you.
You slash the killer bee! Your slash misses the killer bee.
The killer bee is severely wounded.
The killer bee stings you but does no damage.
The killer bee stings you.
You slice the killer bee!!
You feel a bit better.
You kill the killer bee!
Vehumet accepts your kill.
You feel your power returning. The bullfrog barely misses you.
You barely miss the bullfrog. You slash the bullfrog.
The bullfrog is moderately wounded.
Your transformation is almost over.
The bullfrog hits you but does no damage.
You slice the bullfrog!!
You feel a bit better.
You kill the bullfrog!
Vehumet accepts your kill.
You hit the komodo dragon.
The komodo dragon is lightly wounded.
The komodo dragon bites you but does no damage.
You slash the komodo dragon!
The komodo dragon is heavily wounded.
The komodo dragon bites you!!
You barely miss the komodo dragon.
The komodo dragon is heavily wounded.
You howl as the wereblood boils in your veins!
The komodo dragon bites you!!
You hit the komodo dragon.
The komodo dragon is severely wounded.
The komodo dragon bites you!!
* * * LOW HITPOINT WARNING * * *
You barely miss the komodo dragon.
The komodo dragon is severely wounded.
The komodo dragon bites you!!
You die...

#^.......# #........#
####........#
#...........#
#.##........# .#
#.##........# ...
#.##........# .P.P
#.##.#.###### ..Pl.
#@##.#.#
:PP...#l##.#.#
.......†##.#.#########
##P..P..##.#.........#
#P...[.##.#########.#
#......##.# #.#
#$.P...##.# #.#
...P...## #.# ..PP..#
#.#


You could see a komodo dragon.

Vanquished Creatures
  Pikel (D:4)
  Joseph (D:7)
  A troll (D:7)
  2 water moccasins
  Duvessa (D:6)
  An orc warrior (D:8)
  An ice beast (D:7)
  4 sky beasts
  A black bear (D:6)
  2 ogres (D:6)
  A centaur (D:7)
  3 phantoms
  A kobold brigand (D:3)
  3 bullfrogs
  2 gnoll sergeants (D:6)
  3 necrophages
  5 scorpions
  Dowan (D:6)
  3 killer bees (D:8)
  2 howler monkeys
  12 hounds
  4 jellies
  An orc priest (D:7)
  2 gnoll boudas (D:6)
  3 orc wizards
  26 gnolls
  5 adders
  A white imp (D:6)
  3 worms
  2 dart slugs
  47 orcs
  7 ball pythons
  6 bats
  3 endoplasms (D:2)
  6 giant cockroaches
  9 goblins
  7 hobgoblins
  16 jackals
  3 quokkas
  4 frilled lizards
  6 kobolds
  6 rats
218 creatures vanquished.

Vanquished Creatures (others)
  10 fungi
  8 plants (D:8)
18 creatures vanquished.

Grand Total: 236 creatures vanquished

Notes
Turn   | Place    | Note
-------+----------+-------------------------------------------
     0 | D:1      | KennySheep the Naga Transmuter began the quest for the Orb.
     0 | D:1      | Reached XP level 1. HP: 18/18 MP: 3/3
   114 | D:1      | Reached XP level 2. HP: 13/25 MP: 5/5
   201 | D:1      | Learned a level 2 spell: Wereblood
   850 | D:2      | Identified the +2 robe "Rodonon" {rPois rC+ Str-2}
   873 | D:2      | Reached XP level 3. HP: 25/31 MP: 4/6
   877 | D:2      | Learned a level 3 spell: Spider Form
  1199 | D:2      | Reached skill level 1 in Poison Magic
  1744 | D:3      | Reached XP level 4. HP: 38/38 MP: 7/7
  1802 | D:3      | Identified the +1 whip "Tyafeust" {freeze, rF- rCorr Int-2
                  | Dex+6}
  1935 | D:3      | Found a glowing golden altar of the Shining One.
  2484 | D:3      | Reached XP level 5. HP: 43/44 MP: 4/9
  2647 | D:3      | Noticed a kobold brigand
  2806 | D:3      | Reached XP level 6. HP: 21/51 MP: 6/10
  3125 | D:3      | HP: 1/51 [orc/+0 hand axe (4)]
  3315 | D:3      | Reached XP level 7. HP: 47/58 MP: 7/11
  3977 | D:4      | Found an iron altar of Okawaru.
  3978 | D:4      | Found a blossoming altar of Fedhas.
  4003 | D:4      | Found a glowing silver altar of Zin.
  4005 | D:4      | Found a stormy altar of Qazlal.
  4005 | D:4      | Found an opulent altar of Gozag.
  4039 | D:4      | Noticed Pikel
  4040 | D:4      | Found a staircase to the Ecumenical Temple.
  4055 | D:4      | Killed Pikel
  4056 | D:4      | Reached skill level 5 in Transmutations
  4056 | D:4      | Reached XP level 8. HP: 14/68 MP: 10/13
  4123 | Temple   | Entered the Ecumenical Temple
  4670 | Temple   | Became a worshipper of Vehumet
  4675 | Temple   | Learned a level 3 spell: Swiftness
  4680 | Temple   | Learned a level 4 spell: Airstrike
  4784 | D:4      | Found a runed translucent door.
  5837 | D:4      | Noticed ASSMAN's ghost (amateur MfBe)
  5848 | D:5      | Entered Level 5 of the Dungeon
  6143 | D:5      | Reached XP level 9. HP: 62/76 MP: 15/15
  6391 | D:5      | Reached skill level 5 in Unarmed Combat
  6970 | D:6      | Reached * piety under Vehumet
  6970 | D:6      | Offered knowledge of Freeze by Vehumet.
  7467 | D:6      | Identified the +1 chain mail "Qastre" {Rampage rPois Dex+2}
  7932 | D:6      | Found a shadowy altar of Dithmenos.
  7976 | D:6      | Reached skill level 5 in Air Magic
  8218 | D:6      | Found a hazy altar of Hepliaklqana.
  8319 | D:6      | Noticed Dowan
  8320 | D:6      | Noticed Duvessa
  8322 | D:6      | Killed Dowan
  8362 | D:6      | Killed Duvessa
  8691 | D:6      | Reached skill level 5 in Spellcasting
  9144 | D:7      | Reached XP level 10. HP: 77/87 MP: 10/17
  9177 | D:7      | Learned a level 5 spell: Blade Hands
  9380 | D:7      | Noticed Joseph
  9395 | D:7      | Killed Joseph
  9396 | D:7      | Reached skill level 5 in Fighting
  9545 | D:7      | Offered knowledge of Searing Ray by Vehumet.
  9550 | D:7      | Reached ** piety under Vehumet
 10002 | D:8      | Slain by a komodo dragon

Illustrated notes

Levels and vault maps discovered:
D:1:      lightli_molten_gateway, layout_basic
D:2:      layout_basic, roderic_cross_of_infinity
D:3:      lemuel_castle_with_subvaults [lemuel_castle_interior_original],
          layout_loops_corners, tso_altar
D:4:      minmay_recursive_quarters, layout_basic, grunt_temple_overflow_open,
          minmay_temple_entry_sparse_star, ebering_ghost_sewer_d,
          grunt_ministairs_8, uniq_pikel
D:5:      layout_basic
D:6:      layout_cave_pools, nicolae_hepliaklqana_hippocampus,
          lemuel_doored_altar, serial_gnoll_camp, gnoll_camp_medium_01,
          gnoll_camp_mini_loothouse, gnoll_camp_medium_02,
          hangedman_decor_diamond_cutter, uniq_crazy_yiuf_cottage, uniq_duvessa
D:7:      layout_rooms, uniq_joseph
D:8:      layout_basic, grunt_lair_entry_orc_guard_hut, serial_shops, shop,
          uniq_prince_ribbit1
Temple:   oiseaux_autumnal_temple

Skill      XL: |  1  2  3  4  5  6  7  8  9 10 |
---------------+-------------------------------+-----
Poison Magic   | 1 3 4 |  4.1
Transmutations | 3 4 5 6 |  6.9
Spellcasting   | 3 4 5 |  5.6
Dodging        | 2 3 4 |  4.4
Unarmed Combat | 4 5 6 |  6.3
Fighting       | 2 3 4 5 |  5.2
Air Magic      | 2 4 6 |  6.9
Armour         | |  0.4

Action                   |  1- 3 |  4- 6 |  7- 9 | 10-12 || total
-------------------------+-------+-------+-------+-------++-------
Melee: Unarmed           |   138 |   183 |   336 |    60 ||   717
       Headbutt          |    14 |     9 |       |       ||    23
       Punch             |     4 |       |     4 |     2 ||    10
 Cast: Beastly Appendage |    23 |     6 |       |       ||    29
       Spider Form       |       |    12 |    34 |       ||    46
       Wereblood         |       |     1 |       |     2 ||     3
       Airstrike         |       |       |    38 |    10 ||    48
       Blade Hands       |       |       |       |     4 ||     4
 Abil: Spit Poison       |       |     1 |       |       ||     1
  Use: Potion            |       |     4 |     3 |     1 ||     8
       Scroll            |       |       |     8 |       ||     8
 Stab: Sleeping          |     1 |       |       |       ||     1
Armor: Robe              |    45 |    19 |    36 |    15 ||   115
       Skin              |       |     2 |    19 |       ||    21
Dodge: Dodged            |    79 |   152 |   309 |    35 ||   575

Table legend: (Time is in decaauts)
 A = Elapsed time spent in this place.
 B = Non-inter-level travel time spent in this place.
 C = Inter-level travel time spent in this place.
 D = Time resting spent in this place.
 E = Time spent auto-exploring this place.
 F = Levels seen in this place.
 G = Mean time per level.
                   A        B        C        D        E       F      G
               +--------+--------+--------+--------+--------+-----+--------+
         Total |  11799 |  11357 |    442 |   2362 |   6768 |   9 | 1311.0 |
       Dungeon |  11099 |  10732 |    367 |   2131 |   6459 |   8 | 1387.4 |
        Temple |    700 |    625 |     75 |    231 |    309 |   1 |  700.0 |
               +--------+--------+--------+--------+--------+-----+--------+

Top non-repeatable levels by time:
     D:3: 2504 daAuts
     D:6: 2335 daAuts
     D:4: 1747 daAuts
     D:5: 1270 daAuts
     D:2: 1082 daAuts
     D:1: 1027 daAuts
     D:7: 947 daAuts
  Temple: 700 daAuts
     D:8: 185 daAuts
